 Dungeon Crawl Stone Soup version 0.18-a0-1088-g34ef3a2 (webtiles) character file.

63 schauveau the Chopper (level 3, 0/34 HPs)
             Began as a Minotaur Berserker on Jan 15, 2016.
             Was a Believer of Trog.
             Succumbed to an adder's poison
             ... on level 2 of the Dungeon on Apr 26, 2019.
             The game lasted 00:01:49 (631 turns).

schauveau the Chopper (Minotaur Berserker)           Turns: 631, Time: 00:01:49

Health: 0/34       AC:  3    Str: 21    XL:     3   Next: 87%
Magic:  2/2        EV: 12    Int:  4    God:    Trog [**....]
Gold:   81         SH:  0    Dex: 10    Spells: 0 memorised, 2 levels left

rFire  . . .     SeeInvis .     a - +0 hand axe
rCold  . . .     Gourm    .     g - +0 leather armour
rNeg   . . .     Faith    .     (no shield)
rPois  .         Spirit   .     (helmet restricted)
rElec  .         Dismiss  .     (no cloak)
rCorr  .         Reflect  .     (no gloves)
SustAt .         Harm     .     (no boots)
MR     .....                    (no amulet)
Stlth  +.........               (no ring)
                                (no ring)

@: lethally poisoned (0 -> -7), not resistant to hostile enchantments, very
unstealthy
A: retaliatory headbutt, horns 2
a: Berserk, Trog's Hand, Burn Spellbooks, Renounce Religion


You were on level 2 of the Dungeon.
You worshipped Trog.
Trog was pleased with you.
You were not hungry.

You visited 1 branch of the dungeon, and saw 2 of its levels.

You collected 81 gold pieces.

Inventory:

Hand Weapons
 a - a +0 hand axe (weapon)
Armour
 b - a +0 animal skin
 g - a +0 leather armour (worn)
Jewellery
 i - an uncursed ring of sustain attributes {unknown}
Scrolls
 d - 5 scrolls of identify {unknown}
 f - 3 scrolls of teleportation {unknown}
 h - a scroll of remove curse {unknown}
 j - a scroll of random uselessness {unknown}
 k - a scroll of enchant armour {unknown}
Potions
 e - a potion of brilliance {unknown}
Comestibles
 c - 2 bread rations


   Skills:
 + Level 4.3 Fighting
 + Level 4.7 Axes
 + Level 2.7 Armour
 + Level 2.7 Dodging


You had 2 spell levels left.
You didn't know any spells.

Dungeon Overview and Level Annotations

Branches:
Dungeon (2/15)

Altars:
Fedhas


Innate Abilities, Weirdness & Mutations

You reflexively headbutt those who attack you in melee.
You have a pair of horns on your head.


Message History

You closely miss the adder. Your headbutt misses the adder.
You feel sick. The adder barely misses you.
You closely miss the adder. The adder completely misses you.
The adder bites you.
* * * LOW HITPOINT WARNING * * *
You are too injured to fight recklessly!
You are too injured to fight recklessly!
You feel sick.
You barely miss the adder. Your headbutt misses the adder.
The adder bites you but does no damage.
You closely miss the adder.
You feel sick. The adder bites you.
* * * LOW HITPOINT WARNING * * *
You are lethally poisoned!
The adder poisons you! The adder barely misses you.
You barely miss the adder. Your headbutt misses the adder. The adder bites you.
* * * LOW HITPOINT WARNING * * *
You slash the adder!
You kill the adder!
Trog accepts your kill.
You die...

#.#...##.#..............#
..#..........############
.##...##.#...#
≈##...####.#.#
≈####......#.#
....#.######.# ≈...#..
..# ....# #############
(...# #........@†.# ....#
#.#####.###.# ....#
#.#...#.# .# ....#
#.###.#.# .# ....#
#....[#.# .#
############.#.# ##
#.^.........#..
##.#####.###.#.#
##.#...#.# #.#.#


There were no monsters in sight!

Vanquished Creatures
  2 adders (D:2)
  2 oozes
  4 bats (D:1)
  4 giant cockroaches
  7 goblins
  5 hobgoblins (D:1)
  4 kobolds
  3 giant newts
  3 rats (D:1)
34 creatures vanquished.

Notes
Turn   | Place    | Note
--------------------------------------------------------------
     0 | D:1      | schauveau the Minotaur Berserker began the quest for the Orb.
     0 | D:1      | Reached XP level 1. HP: 19/19 MP: 0/0
    71 | D:1      | Reached skill level 4 in Axes
    71 | D:1      | Reached XP level 2. HP: 9/27 MP: 1/1
   430 | D:1      | Reached XP level 3. HP: 22/33 MP: 2/2
   461 | D:1      | Reached ** piety under Trog
   532 | D:2      | Found a blossoming altar of Fedhas.
   630 | D:2      | HP: 1/33 [adder (5)]
   631 | D:2      | Succumbed to an adder's poison

Vault maps used:
D:1:      lightli_arrival_lavapool, minmay_misc_feat_alley, minmay_vboxes
D:2:      mumra_celtic_spiral_tile, nicolae_dithmenos_shadow_blocks,
          fedhas_altar_2, first_bread, uniq_robin

Action                   || total
-------------------------++-------
Melee: Hand axe          ||    75
